 Dungeon Crawl Stone Soup version 0.17-a0-1701-gf693a3f (webtiles) character file.

765 urechis the Chiller (level 7, -7/44 (46) HPs)
             Began as a Merfolk Ice Elementalist on Aug 21, 2015.
             Was a Follower of Yredelemnul.
             Shot with an arrow of flame by a centaur (9 damage)
             ... on level 6 of the Dungeon.
             The game lasted 00:15:54 (5200 turns).

urechis the Chiller (Merfolk Ice Elementalist)      Turns: 5200, Time: 00:15:55

HP:   -7/44 (46)    AC: 11    Str: 10    XL:     7   Next: 81%
MP:   9/15          EV: 13    Int: 14    God:    Yredelemnul [*.....]
Gold: 194           SH:  0    Dex: 18    Spells: 4 memorised, 5 levels left

rFire  . . .     SeeInvis .     x - +0 trident
rCold  . . .     Clarity  .     a - +0 robe
rNeg   . . .     SustAt   .     (no shield)
rPois  .         Gourm    .     (no helmet)
rElec  .         Spirit   .     t - +0 cloak
rCorr  .         Warding  .     f - +0 pair of gloves
rMut   .         Stasis   .     v - +0 pair of boots
MR     +....                    (no amulet)
Stlth  ++........               y - ring of protection from magic
                                i - +3 ring of dexterity

@: icy armour, somewhat resistant to hostile enchantments, unstealthy
A: change form in water, swift swim
a: Animate Remains, Renounce Religion


You were on level 6 of the Dungeon.
You worshipped Yredelemnul.
Yredelemnul was aware of your devotion.
You were hungry.

You visited 1 branch of the dungeon, and saw 6 of its levels.

You collected 194 gold pieces.

Inventory:

Hand weapons
 x - a +0 trident (weapon)
Armour
 a - a +0 robe (worn)
 f - a +0 pair of gloves (worn)
 t - a +0 cloak (worn)
 v - a +0 pair of boots (worn)
Jewellery
 i - a +3 ring of dexterity (left hand)
 y - a ring of protection from magic (right hand)
 D - an uncursed ring of positive energy
Scrolls
 d - 2 scrolls of teleportation {unknown}
 j - 3 scrolls of identify {unknown}
 m - a scroll of enchant weapon {unknown}
 n - a scroll of recharging {unknown}
 o - a scroll of blinking {unknown}
 p - a scroll of fog {unknown}
 u - a scroll of enchant armour {unknown}
 w - 2 scrolls of amnesia {unknown}
 C - a scroll of fear {unknown}
 G - a scroll of remove curse {unknown}
Potions
 e - 2 potions of curing {unknown}
 h - a potion of brilliance {unknown}
 k - a potion of mutation {unknown}
 l - a potion of flight {unknown}
 q - a potion of might {unknown}
 r - 2 potions of heal wounds {unknown}
 A - a potion of lignification {unknown}
 B - a potion of ambrosia {unknown}
 E - a potion of invisibility {unknown}
Books
 b - a book of Frost

   Spells                             Type                      Level
   a - Freeze                         Ice                          1
   b - Throw Frost                    Conjuration/Ice              2
   c - Ozocubu's Armour               Charms/Ice                   3
   d - Throw Icicle                   Conjuration/Ice              4
   e - Summon Ice Beast               Ice/Summoning                4
   f - Condensation Shield            Ice                          4
Comestibles
 c - 3 bread rations
 g - a meat ration
 s - a slice of pizza
 z - a beef jerky


   Skills:
 - Level 2.6 Dodging
 - Level 2.1 Stealth
 + Level 5.8 Spellcasting
 - Level 0.7 Conjurations
 + Level 7.2 Ice Magic


You had 5 spell levels left.
You knew the following spells:

 Your Spells              Type           Power        Failure   Level  Hunger
a - Freeze                Ice            ###.         1%          1    None
b - Ozocubu's Armour      Chrm/Ice       ##......     12%         3    ###....
c - Condensation Shield   Ice            ###.......   10%         4    ####...
d - Throw Icicle          Conj/Ice       ###.....     38%         4    ####...


Dungeon Overview and Level Annotations

Branches:
Dungeon (6/15)
 Temple: D:4-7

Altars:
Dithmenos
Vehumet
Yredelemnul
Zin


Message History

The orc closely misses you.
Things that are here:
an enchanted flail; a scroll labeled BYMAESYENO An orc comes into view.
It is wielding a trident.
Your icy armour evaporates.
Casting: Freeze
Confirm with . or Enter, or press ? or * to list all spells.
A film of ice covers your body! The phantom completely misses you.
The phantom blinks!
The phantom closely misses you. The necrophage hits you.
* * * LOW HITPOINT WARNING * * *
Your flesh rots away! x2
Found 21 arrows.
The phantom hits you but does no damage.
The orc wizard shouts!
The centaur shoots an arrow of flame.
The arrow of flame closely misses you.
You see here an arrow of flame.
The centaur shoots an arrow of flame.
The arrow of flame hits you!
You die...
Your body rises from the dead as a mindless zombie.

## .# #.. .## # #.. ..
# ....n..##.# .#
....##.#..##.###
....##.#@#......
.......o(....... # ##§#
.Z..##..W....##.
#.##.§§#....###.....##
§.#§#o#§#...# #.nc...#
..§§§§o§.#####o#o...#
###§#§#§####.......###
..##.§c#####.##....####
#.###§##...#.##........


You could see a phantom, a necrophage, a centaur, an orc wizard, 2 orcs and a
quokka skeleton (wandering).

Vanquished Creatures
  Sigmund (D:2)
  2 orc warriors (D:6)
  A scorpion (D:4)
  2 orc priests
  2 giant frog skeletons
  An iguana (D:6)
  An orc wizard (D:6)
  A worker ant (D:6)
  5 adders
  4 gnolls (D:3)
  2 oozes (D:2)
  An adder skeleton (D:5)
  4 worms
  3 giant geckos
  9 orcs
  3 giant cockroaches
  11 hobgoblins
  3 quokkas
  12 bats
  5 giant newts
  5 goblins
  6 jackals (D:1)
  A jackal zombie (D:6)
  5 kobolds
  12 rats
102 creatures vanquished.

Notes
Turn   | Place    | Note
--------------------------------------------------------------
     0 | D:1      | urechis the Merfolk Ice Elementalist began the quest for the Orb.
     0 | D:1      | Reached XP level 1. HP: 13/13 MP: 3/3
   147 | D:1      | Reached XP level 2. HP: 10/19 MP: 0/5
   608 | D:1      | Reached XP level 3. HP: 24/24 MP: 2/7
  1377 | D:2      | Reached skill level 4 in Ice Magic
  1516 | D:2      | Learned a level 3 spell: Ozocubu's Armour
  1588 | D:2      | Noticed Sigmund
  1663 | D:3      | Reached XP level 4. HP: 8/30 MP: 2/8
  2385 | D:3      | Found a radiant altar of Vehumet.
  2543 | D:3      | Reached XP level 5. HP: 32/35 MP: 8/10
  2649 | D:3      | Learned a level 4 spell: Condensation Shield
  2776 | D:2      | Found a basalt altar of Yredelemnul.
  2781 | D:2      | Became a worshipper of Yredelemnul the Dark
  2817 | D:2      | Found a glowing silver altar of Zin.
  3341 | D:2      | Killed Sigmund
  3341 | D:2      | Reached skill level 5 in Ice Magic
  3341 | D:2      | Reached XP level 6. HP: 30/41 MP: 1/12
  4149 | D:4      | Reached skill level 6 in Ice Magic
  4544 | D:5      | Entered Level 5 of the Dungeon
  4555 | D:5      | Reached skill level 5 in Spellcasting
  4555 | D:5      | Reached XP level 7. HP: 41/46 MP: 12/14
  4561 | D:5      | Learned a level 4 spell: Throw Icicle
  4641 | D:5      | You fall through a shaft!
  4766 | D:6      | Acquired Yredelemnul's first power
  5056 | D:6      | Reached skill level 7 in Ice Magic
  5169 | D:6      | Found a shadowy altar of Dithmenos.
  5191 | D:6      | HP: 1/46 [necrophage (6)]
  5200 | D:6      | Shot with an arrow of flame by a centaur

Vault maps used:
D:1:      minmay_arrival_doors, serial_bayou, serial_bayou_lake_a,
          serial_bayou_pond_b, serial_bayou_pond_e, serial_bayou_pond_c,
          kennysheep_minor_cross, st_stairs_5, kennysheep_nondescript,
          minmay_strange_pillars
D:2:      nicolae_overflow_crystal_walls, lemuel_crystal_altar, first_bread,
          hangedman_decor_peaks_small, interstate_on_off, uniq_sigmund
D:3:      lemuel_crystal_altar
D:5:      minmay_crossroads
D:6:      grunt_dithmenos_smoke_and_mirrors, evilmike_ruin_ashenzari,
          minmay_temple_entry_overgrown, minmay_parallelograms,
          hangedman_decor_growths, hangedman_glass_teeth

Action                   |  1- 3 |  4- 6 |  7- 9 || total
-------------------------+-------+-------+-------++-------
Melee: Unarmed           |    10 |       |       ||    10
       Club              |    28 |     6 |       ||    34
       Trident           |       |    50 |    46 ||    96
 Cast: Freeze            |    60 |    71 |    27 ||   158
       Ozocubu's Armour  |       |     1 |     5 ||     6
 Stab: Sleeping          |     2 |     5 |       ||     7
       Distracted        |       |     1 |       ||     1
  Eat: Chunk             |     2 |     9 |     3 ||    14
